 Dungeon Crawl Stone Soup version 0.29.1-15-g9cfb28693d (webtiles) character file.

Game seed: 11663975110703120345

336 Jase the Shield-Bearer (level 6, -1/49 HPs)
             Began as a Formicid Fighter on Apr 20, 2023.
             Succumbed to a water moccasin's poison
             ... on level 5 of the Dungeon.
             The game lasted 00:04:06 (1348 turns).

Jase the Shield-Bearer (Formicid Fighter)           Turns: 1348, Time: 00:04:07

Health: -1/49      AC: 12    Str: 22    XL:     6   Next: 84%
Magic:  6/6        EV:  6    Int:  8    God:
Gold:   116        SH:  5    Dex: 13    Spells: 5/5 levels left

rFire   . . .      SeeInvis +   a - +0 flail
rCold   . . .      Faith    .   c - +0 buckler
rNeg    . . .      Spirit   .   k - +0 plate armour
rPois   .          Reflect  .   (helmet unavailable)
rElec   .          Harm     .   (no cloak)
rCorr   .          Rampage  .   (no gloves)
Will    .....                   (no boots)
Stlth   ..........              h - amulet of regeneration
HPRegen 0.96/turn               (no ring)
MPRegen 0.10/turn               (no ring)

@: lethally poisoned (-1 -> -6), attractive
A: permanent stasis, dig shafts and tunnels, antennae 3, four strong arms
a: Dig, Shaft Self


You were on level 5 of the Dungeon.
You visited 1 branch of the dungeon, and saw 4 of its levels.

You collected 116 gold pieces.

Inventory:

Hand Weapons
 a - a +0 flail (weapon)
Missiles
 d - 7 stones
Armour
 c - a +0 buckler (worn)
 k - a +0 plate armour (worn)
Jewellery
 h - an amulet of regeneration (around neck)
Wands
 o - a wand of roots (13)
Scrolls
 b - a scroll of fear {unknown}
 e - a scroll of summoning {unknown}
 f - a scroll of amnesia {unknown}
 i - 3 scrolls of enchant weapon {unknown}
 j - a scroll of identify {unknown}
 l - a scroll of silence {unknown}
 n - a scroll of noise {unknown}
 p - a scroll of teleportation {unknown}


   Skills:
 + Level 4.7 Fighting
 + Level 3.7 Maces & Flails
 + Level 4.8 Armour
 + Level 5.8 Shields


You had 5 spell levels left.
You didn't know any spells.
Your spell library contained the following spells:

 Spells                   Type           Power      Damage    Failure   Level
 Shock                    Conj/Air       0%         1d3       100%        1
 Airstrike                Air            0%         2d(0-16)  100%        4
 Swiftness                Air            Unusable   N/A       N/A         3

Dungeon Overview and Level Annotations

Branches:
Dungeon (3/15)

Altars:

Shops:
D:1 (   D:2 *


Innate Abilities, Weirdness & Mutations

You cannot be hasted, slowed, berserked, paralysed or teleported.
You can dig through walls and to a lower floor.
You have a pair of large antennae on your head. (SInv)
Your four strong arms can wield two-handed weapons with a shield.


Message History

The water moccasin is almost dead.
You feel sick.
You are no longer poisoned.
The water moccasin bites you.
* * * LOW HITPOINT WARNING * * *
You miss the water moccasin.
The water moccasin is almost dead.
The water moccasin barely misses you. You block the water moccasin's attack.
You miss the water moccasin.
The water moccasin is almost dead.
The water moccasin bites you.
* * * LOW HITPOINT WARNING * * *
You are poisoned.
The water moccasin poisons you! The water moccasin barely misses you.
You closely miss the water moccasin.
The water moccasin is almost dead.
You feel very sick. The water moccasin bites you.
* * * LOW HITPOINT WARNING * * *
The water moccasin bites you.
* * * LOW HITPOINT WARNING * * *
You are more poisoned.
The water moccasin poisons you!
It was a potion of heal wounds.
You feel much better.
You feel extremely sick.
The water moccasin bites you but does no damage.
You miss the water moccasin.
The water moccasin is almost dead.
* * * LOW HITPOINT WARNING * * *
You feel very sick.
The water moccasin bites you but does no damage. x2
You closely miss the water moccasin.
The water moccasin is almost dead.
* * * LOW HITPOINT WARNING * * *
You feel very sick. The water moccasin barely misses you.
The water moccasin bites you!
* * * LOW HITPOINT WARNING * * *
It was a potion of attraction.
You feel attractive to monsters.
You die...

#########........#
#........#
#........#
#........#
#........#
#.......##
#.......###
######'##...######
........@S.......!.
........##.......#
........####.....#
........# .....#
........# .....+
........# h....#
........# .....#
####### .....#
.....#


You could see a water moccasin.

Vanquished Creatures
  A steam dragon (D:5)
  A hound (D:5)
  Natasha (thrice) (D:2)
  Robin (D:2)
  3 gnolls (D:2)
  An adder (D:2)
  5 worms
  An orc (D:3)
  2 endoplasms
  A giant cockroach (D:1)
  8 hobgoblins
  3 kobolds
  2 quokkas
  2 ball pythons
  3 bats
  9 goblins
  5 rats
51 creatures vanquished.

Notes
Turn   | Place    | Note
-------+----------+-------------------------------------------
     0 | D:1      | Jase the Formicid Fighter began the quest for the Orb.
     0 | D:1      | Reached XP level 1. HP: 18/18 MP: 1/1
   281 | D:1      | Found Qitzau's Antique Weapon Boutique.
   287 | D:1      | Reached XP level 2. HP: 19/24 MP: 2/2
   537 | D:2      | Noticed Natasha
   547 | D:2      | Killed Natasha
   548 | D:2      | Reached XP level 3. HP: 16/30 MP: 3/3
   562 | D:2      | Noticed Robin
   568 | D:2      | Reached XP level 4. HP: 37/37 MP: 4/4
   573 | D:2      | Killed Robin
   672 | D:2      | Noticed Natasha
   676 | D:2      | Killed Natasha
   677 | D:2      | Reached XP level 5. HP: 42/42 MP: 5/5
   707 | D:2      | Reached skill level 5 in Shields
   732 | D:2      | Found Geacag's Assorted Antiques.
   857 | D:2      | Found a faded altar of an unknown god.
   968 | D:2      | Noticed Natasha
   975 | D:2      | Killed Natasha
  1250 | D:3      | You fall into a shaft and drop 2 floors!
  1250 | D:5      | Entered Level 5 of the Dungeon
  1251 | D:5      | Noticed a steam dragon
  1263 | D:5      | Killed a steam dragon
  1264 | D:5      | Reached XP level 6. HP: 45/49 MP: 6/6
  1316 | D:5      | Noticed a water moccasin
  1344 | D:5      | HP: 2/49 [water moccasin (6)]
  1348 | D:5      | Succumbed to a water moccasin's poison

Illustrated notes

Levels and vault maps discovered:
D:1:      psy_arrival_whirlpool, layout_rooms, serial_shops, shop,
          serial_corexii_hall, corexii_hall_statues_l, corexii_hall_statues_x,
          minmay_misc_feat_roman, minmay_tromino_v7
D:2:      layout_basic, serial_shops, nicolae_shop_competitors_out_of_business,
          basic_ecumenical_altar, lightli_corner_chamber, uniq_natasha,
          uniq_robin
D:3:      layout_basic
D:5:      kennysheep_spiral_hall, layout_basic

Skill      XL: |  1  2  3  4  5 |
---------------+----------------+-----
Fighting       | 4 |  4.7
Armour         | 4 |  4.8
Maces & Flails | 3 |  3.7
Shields        | 5 |  5.8

Action                   |  1- 3 |  4- 6 || total
-------------------------+-------+-------++-------
Melee: Flail             |    57 |   135 ||   192
  Use: Potion            |       |     3 ||     3
Armor: Scale mail        |     8 |       ||     8
       Plate armour      |    41 |    75 ||   116
Dodge: Dodged            |    26 |    38 ||    64
Block: Buckler           |    21 |    28 ||    49
